[Event "9th RTU Open 2019"]
[Site "Riga"]
[Date "2019.08.11"]
[Round "9.16"]
[White "Ioannidis, Evgenios"]
[Black "Stany, G.A."]
[Result "1-0"]
[ECO "D77"]
[WhiteElo "2378"]
[BlackElo "2525"]
[Annotator "ChessBase"]
[PlyCount "105"]
[EventDate "2019.08.05"]
[EventType "swiss"]
[EventCountry "LAT"]
[SourceTitle "playchess.com"]
[Source "ChessBase"]
[SourceQuality "1"]
[TimeControl "5400+30"]

1. Nf3 g6 2. g3 Bg7 3. d4 d5 4. Bg2 Nf6 5. c4 dxc4 6. Na3 c3 7. bxc3 O-O 8. O-O c5 9. Ne5 Nc6 10. Nxc6 bxc6 11. Nc4 Nd5 12. Bd2 Ba6 13. Ne5 Qc7 14. Re1 Rfd8 15. Qa4 Bb5 16. Qc2 Nxc3 17. Bf4 Qa5 18. a4 Bxa4 19. Nxc6 Bxc2 20. Rxa5 cxd4 21. Nxd8 Rxd8 22. Rxa7 e5 23. Bg5 Rb8 24. Bd2 e4 25. Rc7 f5 26. e3 Bd3 27. exd4 Nb5 28. Rd7 Nxd4 29. Be3 Nc2 30. Bf4 Re8 31. Rb1 Nd4 32. Rbb7 Ne6 33. Be3 h6 34. h4 Bf8 35. Rb6 Bg7 36. Bh3 h5 37. Rbb7 Ba6 38. Ra7 Bb5 39. Rdb7 Bd3 40. Bf1 Bxf1 41. Kxf1 Bf8 42. Ra6 Bg7 43. Ke2 Bf8 44. Kd2 Bg7 45. Kc2 Rc8+ 46. Kb3 Nf8 47. Raa7 Ne6 48. Re7 Rc6 49. Re8+ Nf8 50. Kb4 Rf6 51. Rxg7+ Kxg7 52. Bd4 Kf7 53. Rxf8+ 1-0

[Event "9th RTU Open 2019"]
[Site "Riga"]
[Date "2019.08.11"]
[Round "9.17"]
[White "Nevednichy, Vladislav"]
[Black "Baskin, Robert"]
[Result "1/2-1/2"]
[ECO "B33"]
[WhiteElo "2531"]
[BlackElo "2398"]
[Annotator "ChessBase"]
[PlyCount "100"]
[EventDate "2019.08.05"]
[EventType "swiss"]
[EventCountry "LAT"]
[SourceTitle "playchess.com"]
[Source "ChessBase"]
[SourceQuality "1"]
[TimeControl "5400+30"]

1. e4 c5 2. Nf3 Nc6 3. d4 cxd4 4. Nxd4 Nf6 5. Nc3 e5 6. Ndb5 d6 7. Bg5 a6 8. Na3 b5 9. Nd5 Be7 10. Bxf6 Bxf6 11. c4 b4 12. Nc2 a5 13. h4 O-O 14. g3 a4 15. Ndxb4 Nxb4 16. Nxb4 Qb6 17. a3 Bd8 18. Bd3 Be6 19. Qe2 Qc5 20. O-O Ba5 21. Nd5 Rfb8 22. Rab1 Rb3 23. Kg2 Rab8 24. Rfd1 Qa7 25. Ne3 Qc5 26. h5 Bd8 27. Nd5 Bxd5 28. cxd5 Bg5 29. Kf1 h6 30. Qc2 Qxc2 31. Bxc2 Rxb2 32. Rxb2 Rxb2 33. Bxa4 Ra2 34. Rb1 Rxa3 35. Rb8+ Kh7 36. Be8 Rf3 37. Rb7 Kg8 38. Ke2 Rf6 39. Bd7 g6 40. hxg6 Rxg6 41. Bg4 Bc1 42. Bf5 Rf6 43. Rb3 h5 44. Rb1 Bg5 45. Rf1 Rh6 46. Kf3 h4 47. Kg4 Bf6 48. Rb1 Kg7 49. Kf3 hxg3 50. fxg3 Be7 1/2-1/2

[Event "9th RTU Open 2019"]
[Site "Riga"]
[Date "2019.08.11"]
[Round "9.18"]
[White "Shailesh, Dravid"]
[Black "Salomon, Johan"]
[Result "0-1"]
[ECO "B70"]
[WhiteElo "2254"]
[BlackElo "2514"]
[Annotator "ChessBase"]
[PlyCount "86"]
[EventDate "2019.08.05"]
[EventType "swiss"]
[EventCountry "LAT"]
[SourceTitle "playchess.com"]
[Source "ChessBase"]
[SourceQuality "1"]
[TimeControl "5400+30"]

1. e4 c5 2. Nf3 d6 3. d4 cxd4 4. Nxd4 Nf6 5. Nc3 a6 6. Qf3 g6 7. h3 Bg7 8. Be3 O-O 9. g4 Nc6 10. O-O-O Nd7 11. Qg3 Na5 12. h4 Ne5 13. f3 Nec4 14. Bf2 e5 15. Nb3 Be6 16. g5 h5 17. Nd5 b5 18. Kb1 Bxd5 19. Rxd5 Nxb3 20. cxb3 Nb6 21. Rd1 Qc7 22. Bh3 Rfd8 23. Rd2 d5 24. Rc1 Qb7 25. Bxb6 Qxb6 26. exd5 Qe3 27. Qg2 Rd6 28. Bc8 Ra7 29. Rc6 Qe1+ 30. Kc2 Bf8 31. Re2 Qa5 32. f4 Rc7 33. Bh3 Rcxc6+ 34. dxc6 Qc7 35. fxe5 Rxc6+ 36. Kd3 Rc1 37. Ke4 Bg7 38. Kf4 Rc5 39. Qa8+ Kh7 40. Qe8 Rd5 41. Qa8 Qc1+ 42. Kf3 Rd3+ 43. Kg2 Qf4 0-1

[Event "9th RTU Open 2019"]
[Site "Riga"]
[Date "2019.08.11"]
[Round "9.19"]
[White "Lobanov, Sergei"]
[Black "Berzinsh, Roland"]
[Result "1-0"]
[ECO "C55"]
[WhiteElo "2505"]
[BlackElo "2386"]
[Annotator "ChessBase"]
[PlyCount "63"]
[EventDate "2019.08.05"]
[EventType "swiss"]
[EventCountry "LAT"]
[SourceTitle "playchess.com"]
[Source "ChessBase"]
[SourceQuality "1"]
[TimeControl "5400+30"]

1. e4 e5 2. Nf3 Nc6 3. Bc4 Nf6 4. d3 Be7 5. O-O O-O 6. Re1 d6 7. a4 Be6 8. Nc3 Nd4 9. Nxd4 exd4 10. Ne2 Bxc4 11. dxc4 Nxe4 12. Nxd4 Nc5 13. Ra3 Bf6 14. Rh3 Re8 15. Be3 g6 16. b3 Re4 17. Ne2 Qe7 18. Qd2 Re8 19. Rd1 Rg4 20. Nf4 c6 21. Bxc5 dxc5 22. Re3 Qf8 23. Qd7 Rxe3 24. fxe3 h5 25. Kf2 Be5 26. g3 Rg5 27. Qxb7 h4 28. Qxc6 hxg3+ 29. hxg3 Rf5 30. Kg2 Qe7 31. Qa8+ Kg7 32. Rh1 1-0

[Event "9th RTU Open 2019"]
[Site "Riga"]
[Date "2019.08.11"]
[Round "9.20"]
[White "Keinanen, Toivo"]
[Black "Stremavicius, Titas"]
[Result "0-1"]
[ECO "A84"]
[WhiteElo "2386"]
[BlackElo "2474"]
[Annotator "ChessBase"]
[PlyCount "120"]
[EventDate "2019.08.05"]
[EventType "swiss"]
[EventCountry "LAT"]
[SourceTitle "playchess.com"]
[Source "ChessBase"]
[SourceQuality "1"]
[TimeControl "5400+30"]

1. c4 f5 2. d4 Nf6 3. Nc3 e6 4. e3 d5 5. Bd3 c6 6. Qc2 Bd6 7. h3 O-O 8. g4 dxc4 9. Bxc4 b5 10. Bb3 Kh8 11. Nf3 Na6 12. Ng5 Qe7 13. e4 e5 14. d5 b4 15. Ne2 cxd5 16. exf5 Nc5 17. O-O a5 18. Qd1 Ba6 19. Ng3 Bxf1 20. Nxf1 e4 21. Be3 h6 22. Bxc5 hxg5 23. Be3 Bf4 24. h4 Bxe3 25. Nxe3 gxh4 26. Ng2 g5 27. fxg6 Qe5 28. Nxh4 Qg5 29. Nf5 Qxg6 30. Ne3 Ra7 31. Qd4 Rg7 32. Bd1 Nh7 33. Kf1 Qf6 34. Qxf6 Nxf6 35. Be2 d4 36. Nf5 d3 37. Nxg7 dxe2+ 38. Kxe2 Kxg7 39. f3 Rc8 40. g5 exf3+ 41. Kxf3 Nh7 42. Ke4 Rd8 43. Kf5 Rd5+ 44. Ke4 Rd2 45. b3 Nxg5+ 46. Ke3 Rb2 47. Kd4 Ne6+ 48. Kc4 Kf6 49. a3 Rc2+ 50. Kb5 Nd4+ 51. Ka4 bxa3 52. Rxa3 Nc6 53. Kb5 Ke5 54. Ra1 Nd4+ 55. Ka4 Kd5 56. b4 Kc4 57. b5 Nb3 58. Ra3 Rb2 59. b6 Nc5+ 60. Kxa5 Rb5# 0-1

[Event "9th RTU Open 2019"]
[Site "Riga"]
[Date "2019.08.11"]
[Round "9.23"]
[White "Kulaots, Kaido"]
[Black "Nesteretz, Anatoliy"]
[Result "1-0"]
[ECO "C11"]
[WhiteElo "2560"]
[BlackElo "2387"]
[Annotator "ChessBase"]
[PlyCount "57"]
[EventDate "2019.08.05"]
[EventType "swiss"]
[EventCountry "LAT"]
[SourceTitle "playchess.com"]
[Source "ChessBase"]
[SourceQuality "1"]
[TimeControl "5400+30"]

1. e4 e6 2. d4 d5 3. Nc3 Nf6 4. e5 Nfd7 5. f4 c5 6. Nf3 Nc6 7. Be3 a6 8. Qd2 b5 9. dxc5 Bxc5 10. Bd3 Qb6 11. Bf2 b4 12. Na4 Bxf2+ 13. Qxf2 Qxf2+ 14. Kxf2 a5 15. Rac1 Ba6 16. Bxa6 Rxa6 17. c4 bxc3 18. Rxc3 O-O 19. a3 f6 20. Rhc1 Ncb8 21. Rc8 fxe5 22. fxe5 Kf7 23. R8c7 Kg6 24. Ke3 Kf5 25. Nc5 Nxc5 26. Rxg7 d4+ 27. Nxd4+ Kxe5 28. Rxc5+ Kd6 29. b4 {[%emt 0:02:50] Kd5 Ke4+} 1-0

[Event "9th RTU Open 2019"]
[Site "Riga"]
[Date "2019.08.11"]
[Round "9.24"]
[White "Laurusas, Tomas"]
[Black "Sinz, Bernhard"]
[Result "1-0"]
[ECO "A27"]
[WhiteElo "2511"]
[BlackElo "2343"]
[Annotator "ChessBase"]
[PlyCount "107"]
[EventDate "2019.08.05"]
[EventType "swiss"]
[EventCountry "LAT"]
[SourceTitle "playchess.com"]
[Source "ChessBase"]
[SourceQuality "1"]
[TimeControl "5400+30"]

1. c4 e5 2. Nc3 Nc6 3. Nf3 f5 4. d4 e4 5. Ng5 Bb4 6. Nh3 Nf6 7. Qd2 O-O 8. a3 Be7 9. b4 a5 10. b5 Nb8 11. Nf4 Qe8 12. Bb2 d6 13. e3 Nh5 14. Nxh5 Qxh5 15. Be2 Qf7 16. O-O c6 17. f3 exf3 18. Rxf3 Bg5 19. Raf1 Qe7 20. Bd3 Nd7 21. Bc1 g6 22. Qc2 Bf6 23. Kh1 Bg7 24. e4 fxe4 25. Rxf8+ Nxf8 26. Nxe4 Bf5 27. Bg5 Qe6 28. d5 cxd5 29. cxd5 Qc8 30. Qe2 Bxe4 31. Qxe4 Qd7 32. b6 Re8 33. Qf3 Rc8 34. Bd2 a4 35. h3 Be5 36. Bh6 Bg7 37. Bb5 Qe7 38. Bd2 Nd7 39. Re1 Ne5 40. Qe4 Qd8 41. Rb1 Qf8 42. Qxa4 Ra8 43. Qb3 Qf2 44. Be3 Qg3 45. Bg1 Rxa3 46. Qxg3 Rxg3 47. Bc6 Nc4 48. Bxb7 Nd2 49. Rd1 Ne4 50. Re1 Nc5 51. Bxc5 dxc5 52. d6 Rd3 53. Bd5+ Rxd5 54. b7 1-0

[Event "9th RTU Open 2019"]
[Site "Riga"]
[Date "2019.08.11"]
[Round "9.26"]
[White "Hedman, Erik"]
[Black "Bulmaga, Irina"]
[Result "0-1"]
[ECO "E08"]
[WhiteElo "2373"]
[BlackElo "2435"]
[Annotator "NA"]
[PlyCount "52"]
[EventDate "2019.08.05"]
[EventType "swiss"]
[EventCountry "LAT"]
[SourceTitle "playchess.com"]
[Source "ChessBase"]
[SourceQuality "1"]
[TimeControl "5400+30"]

1. d4 Nf6 2. c4 e6 3. Nf3 d5 4. g3 Bb4+ 5. Bd2 Be7 6. Bg2 O-O 7. O-O c6 8. Qc2 a5 9. Bf4 Nbd7 10. Rd1 Nh5 11. Bc1 b5 12. Ne5 Bb7 13. cxb5 cxb5 14. Nc6 Bxc6 15. Qxc6 Rb8 16. e4 dxe4 17. Nc3 Nhf6 18. Nxe4 Nxe4 19. Bxe4 Nf6 20. Bf4 Rc8 21. Qb7 g5 22. Bd2 Rc7 23. Qxb5 Nxe4 24. Bxa5 Qd7 25. Qe5 Ra7 26. b4 Nc3 0-1

[Event "9th RTU Open 2019"]
[Site "Riga"]
[Date "2019.08.11"]
[Round "9.27"]
[White "Suleymenov, Alisher"]
[Black "Grinev, Valeriy"]
[Result "1/2-1/2"]
[ECO "A61"]
[WhiteElo "2376"]
[BlackElo "2437"]
[Annotator "NA"]
[PlyCount "48"]
[EventDate "2019.08.05"]
[EventType "swiss"]
[EventCountry "LAT"]
[SourceTitle "playchess.com"]
[Source "ChessBase"]
[SourceQuality "1"]
[TimeControl "5400+30"]

1. d4 Nf6 2. c4 c5 3. d5 e6 4. Nf3 exd5 5. cxd5 g6 6. Nc3 d6 7. Bf4 Bg7 8. Qa4+ Bd7 9. Qb3 b5 10. Bxd6 Qb6 11. Be5 O-O 12. e3 c4 13. Qd1 b4 14. Nb1 Rc8 15. Be2 Bb5 16. O-O Nbd7 17. Bd4 Qd6 18. Nbd2 Qxd5 19. a4 bxa3 20. Rxa3 a6 21. Rc3 Qe6 22. Qa1 Rab8 23. Re1 Nb6 24. Bf1 Rb7 1/2-1/2

[Event "9th RTU Open 2019"]
[Site "Riga"]
[Date "2019.08.11"]
[Round "9.28"]
[White "Saveliev, Alexei"]
[Black "Ostrovskiy, Aleksandr"]
[Result "1-0"]
[ECO "B13"]
[WhiteElo "2355"]
[BlackElo "2453"]
[Annotator "ChessBase"]
[PlyCount "97"]
[EventDate "2019.08.05"]
[EventType "swiss"]
[EventCountry "LAT"]
[SourceTitle "playchess.com"]
[Source "ChessBase"]
[SourceQuality "1"]
[TimeControl "5400+30"]

1. e4 c6 2. d4 d5 3. exd5 cxd5 4. Bd3 Nc6 5. c3 Qc7 6. Nd2 Nf6 7. h3 g6 8. Ngf3 Bf5 9. Nb3 Bxd3 10. Qxd3 Bg7 11. O-O O-O 12. Re1 Rfe8 13. Be3 e6 14. Rad1 Nd7 15. Qd2 b5 16. Bf4 Qb6 17. Bh6 b4 18. Qf4 bxc3 19. bxc3 Qd8 20. Rc1 Qf6 21. Qd2 Bxh6 22. Qxh6 Rec8 23. c4 dxc4 24. Rxc4 Ne7 25. Nc5 Nb6 26. Ne4 Qg7 27. Rxc8+ Rxc8 28. Qd2 Ned5 29. Rc1 Rxc1+ 30. Qxc1 Qf8 31. h4 Qb4 32. h5 Qc4 33. Qd2 Nd7 34. h6 f6 35. g3 Qc6 36. Qa5 N5b6 37. Qa3 Nc8 38. Nfd2 Kf7 39. Qb4 Qd5 40. Qc3 Nd6 41. Nxd6+ Qxd6 42. Ne4 Qd5 43. Nc5 Nb8 44. Qa5 Nc6 45. Qc7+ Ke8 46. Qxh7 Nxd4 47. Qxg6+ Kd8 48. Qxf6+ Kc8 49. Qh8+ 1-0

[Event "9th RTU Open 2019"]
[Site "Riga"]
[Date "2019.08.11"]
[Round "9.29"]
[White "Lagunow, Raphael"]
[Black "Sowray, Peter J"]
[Result "1/2-1/2"]
[ECO "D32"]
[WhiteElo "2427"]
[BlackElo "2334"]
[Annotator "NA"]
[PlyCount "35"]
[EventDate "2019.08.05"]
[EventType "swiss"]
[EventCountry "LAT"]
[SourceTitle "playchess.com"]
[Source "ChessBase"]
[SourceQuality "1"]
[TimeControl "5400+30"]

1. Nf3 d5 2. e3 Nf6 3. c4 e6 4. Nc3 c5 5. cxd5 exd5 6. d4 Nc6 7. Bb5 Bd6 8. dxc5 Bxc5 9. Nd4 Qd6 10. O-O O-O 11. Nxc6 bxc6 12. Be2 Bb6 13. Bf3 Bc7 14. g3 Bh3 15. Re1 Rfe8 16. b3 h5 17. Qd3 Ng4 18. Bg2 1/2-1/2

[Event "9th RTU Open 2019"]
[Site "Riga"]
[Date "2019.08.11"]
[Round "9.30"]
[White "Mammadzada, Gunay"]
[Black "Chukavin, Kirill"]
[Result "0-1"]
[ECO "B33"]
[WhiteElo "2427"]
[BlackElo "2300"]
[Annotator "ChessBase"]
[PlyCount "224"]
[EventDate "2019.08.05"]
[EventType "swiss"]
[EventCountry "LAT"]
[SourceTitle "playchess.com"]
[Source "ChessBase"]
[SourceQuality "1"]
[TimeControl "5400+30"]

1. e4 c5 2. Nf3 Nc6 3. d4 cxd4 4. Nxd4 Nf6 5. Nc3 e5 6. Ndb5 d6 7. Bg5 a6 8. Na3 b5 9. Nd5 Be7 10. Bxf6 Bxf6 11. c3 O-O 12. Nc2 Rb8 13. g3 Bg5 14. h4 Bh6 15. Bh3 Be6 16. Bxe6 fxe6 17. Nde3 Bxe3 18. Nxe3 b4 19. O-O bxc3 20. bxc3 Na5 21. Qd3 Qb6 22. Rad1 Rfd8 23. h5 h6 24. Nc4 Qb5 25. Nxa5 Qxa5 26. Qc4 d5 27. exd5 exd5 28. Qe2 d4 29. cxd4 exd4 30. Qc4+ Kh8 31. Rfe1 d3 32. Qf4 Rf8 33. Qd2 Qf5 34. Re3 Rbd8 35. Kg2 Rd6 36. f3 Rfd8 37. g4 Qd5 38. Kg3 Qb5 39. Rde1 Rd5 40. Re6 R5d6 41. Re7 R6d7 42. R7e6 Rd6 43. Re7 R6d7 44. Re8+ Kh7 45. R8e5 Rd5 46. Re7 R5d7 47. R7e5 Rd5 48. Re7 R5d7 49. R7e5 Qb8 50. Kh3 Rf7 51. R5e3 Qf4 52. Rd1 Rd5 53. Rxd3 Qxf3+ 54. Rxf3 Rxf3+ 55. Kg2 Rxd2+ 56. Rxd2 Ra3 57. Rf2 Kg8 58. Kh2 a5 59. Kg2 g6 60. Kh2 Kg7 61. Rc2 gxh5 62. gxh5 Kf6 63. Rg2 Kf5 64. Kg1 Rh3 65. Rb2 Rxh5 66. Rb5+ Kg4 67. a4 Rf5 68. Rb6 h5 69. Kg2 Rf4 70. Rg6+ Kf5 71. Rh6 Kg5 72. Rh8 Rxa4 73. Rf8 Rf4 74. Ra8 Rf5 75. Kg3 Kf6 76. Re8 Re5 77. Rh8 Rf5 78. Re8 Kf7 79. Re4 Kg6 80. Re6+ Rf6 81. Re4 Kg5 82. Re5+ Rf5 83. Re6 Rb5 84. Ra6 Kf5 85. Kf3 Ke5 86. Ke3 Kf5 87. Kf3 Rc5 88. Rh6 Rc3+ 89. Kg2 Kg4 90. Rg6+ Kf4 91. Ra6 Rc2+ 92. Kg1 Rc5 93. Kf2 Ke4 94. Ke2 Kd4 95. Kd2 Kc4 96. Rb6 Rb5 97. Rc6+ Kb3 98. Rc3+ Kb4 99. Rf3 Rc5 100. Rf4+ Kb3 101. Rf3+ Kb2 102. Rf4 Rd5+ 103. Ke2 Kb3 104. Rf3+ Kb4 105. Rf4+ Kb5 106. Rf8 a4 107. Kf2 a3 108. Ra8 Kb4 109. Rb8+ Ka4 110. Ra8+ Ra5 111. Re8 a2 112. Re1 Kb3 0-1

[Event "9th RTU Open 2019"]
[Site "Riga"]
[Date "2019.08.11"]
[Round "9.31"]
[White "Lazavik, Denis"]
[Black "Kiik, Kalle"]
[Result "1/2-1/2"]
[ECO "A90"]
[WhiteElo "2339"]
[BlackElo "2420"]
[Annotator "NA"]
[PlyCount "47"]
[EventDate "2019.08.05"]
[EventType "swiss"]
[EventCountry "LAT"]
[SourceTitle "playchess.com"]
[Source "ChessBase"]
[SourceQuality "1"]
[TimeControl "5400+30"]

1. d4 e6 2. c4 Bb4+ 3. Bd2 a5 4. Nf3 f5 5. g3 Nf6 6. Bg2 O-O 7. O-O d5 8. Bg5 Be7 9. Ne5 c6 10. Qc2 Nbd7 11. Nd3 Ne4 12. Bxe7 Qxe7 13. Rc1 Ndf6 14. Nd2 Bd7 15. Nf3 Be8 16. e3 Bh5 17. Nfe5 Nd7 18. Nxd7 Qxd7 19. Rab1 Qe7 20. c5 Ra7 21. b3 Ng5 22. Ne5 Nf7 23. Nxf7 Bxf7 24. f4 1/2-1/2

[Event "9th RTU Open 2019"]
[Site "Riga"]
[Date "2019.08.11"]
[Round "9.32"]
[White "Kruglyakov, Pavlo"]
[Black "Gokerkan, Cem Kaan"]
[Result "0-1"]
[ECO "B70"]
[WhiteElo "2347"]
[BlackElo "2415"]
[Annotator "NA"]
[PlyCount "82"]
[EventDate "2019.08.05"]
[EventType "swiss"]
[EventCountry "LAT"]
[SourceTitle "playchess.com"]
[Source "ChessBase"]
[SourceQuality "1"]
[TimeControl "5400+30"]

1. e4 g6 2. d4 Bg7 3. Nc3 c5 4. Nge2 cxd4 5. Nxd4 Nc6 6. Nb3 Nf6 7. Be2 O-O 8. O-O d6 9. Bg5 a6 10. f4 Be6 11. Bf3 Rc8 12. Rf2 Qb6 13. Qd2 Nd7 14. Kh1 Rfe8 15. f5 Bc4 16. Be3 Qc7 17. Bh6 b5 18. Bxg7 Kxg7 19. Be2 Nf6 20. Raf1 b4 21. Bxc4 bxc3 22. Qe2 cxb2 23. Bxa6 Ra8 24. fxg6 hxg6 25. a4 Rh8 26. h3 Nb4 27. Bb5 Na2 28. Nd2 Nc3 29. Qd3 Rhc8 30. g4 Qc5 31. Kg2 Kg8 32. h4 Nxg4 33. Rxf7 Ne3+ 34. Kh3 Nxf1 35. Rxf1 b1=Q 36. Nxb1 Nxb1 37. Rxb1 Qxc2 38. Qd5+ Kh8 39. Rb3 Rc3+ 40. Rxc3 Qxc3+ 41. Kg4 Rf8 0-1

[Event "9th RTU Open 2019"]
[Site "Riga"]
[Date "2019.08.11"]
[Round "9.33"]
[White "Dordzhieva, Dinara"]
[Black "Smirnov, Artem"]
[Result "0-1"]
[ECO "E66"]
[WhiteElo "2306"]
[BlackElo "2421"]
[Annotator "NA"]
[PlyCount "128"]
[EventDate "2019.08.05"]
[EventType "swiss"]
[EventCountry "LAT"]
[SourceTitle "playchess.com"]
[Source "ChessBase"]
[SourceQuality "1"]
[TimeControl "5400+30"]

1. Nf3 Nf6 2. c4 g6 3. g3 Bg7 4. Bg2 O-O 5. d4 d6 6. Nc3 Nc6 7. O-O a6 8. d5 Na5 9. Nd2 c5 10. Qc2 b5 11. cxb5 axb5 12. Nxb5 Qb6 13. Nc3 Bf5 14. e4 Bc8 15. Rd1 Ba6 16. Rb1 Ng4 17. h3 Ne5 18. Nf1 Qb4 19. Bg5 Rfe8 20. Rbc1 h6 21. Bf4 Nac4 22. Bxe5 Nxe5 23. Ne3 c4 24. Rb1 Rec8 25. Bf1 Rab8 26. a3 Qa5 27. Kg2 Nd3 28. Nxc4 Bxc4 29. Bxd3 Bb3 30. Qe2 Bxc3 31. bxc3 Bxd1 32. Rxd1 Rxc3 33. h4 Rxa3 34. h5 Ra2 35. Qf3 Rbb2 36. Rf1 Kg7 37. hxg6 fxg6 38. e5 dxe5 39. Bxg6 Kxg6 40. Qg4+ Kf7 41. Qh5+ Kf8 42. Qxh6+ Ke8 43. Qh8+ Kd7 44. Qxe5 Qb6 45. Qf5+ Ke8 46. Qh5+ Kd8 47. Qh8+ Kd7 48. Qh3+ Kc7 49. Qf5 Rc2 50. g4 Qf6 51. d6+ Kxd6 52. Rd1+ Rd2 53. Qxf6+ exf6 54. Rf1 Ke5 55. Kg3 Rxf2 56. Rxf2 Rxf2 57. Kxf2 Kf4 58. g5 fxg5 59. Kg2 Kg4 60. Kh2 Kf3 61. Kh3 g4+ 62. Kh2 Kf2 63. Kh1 Kg3 64. Kg1 Kh3 0-1